Match 46910295
Unlisted

Match 46910295
End
Kettenkrad Recon Vehicle
Construct Infanterie Kompanie
Selects Mechanized Battlegroup
MG 42 Machine Gun Team
Grenadier Squad
Grenadier Squad
Construct Panzergrenadier Kompanie
Selects Mobile Repair Stations
251 Medium Carrier
251 Medium Carrier
Pak 40 Anti-tank Gun Team
Kettenkrad Recon Vehicle
Construct Panzer Kompanie
Panzer IV Medium Tank
GrW 34 Mortar Team
Selects Wespe Self-propelled Artillery
Selects Raid Package
Panzer IV Medium Tank
Side Skirts
Kettenkrad Recon Vehicle
Selects StuG Assault Group
Wespe Self-propelled Artillery
Kettenkrad Recon Vehicle
Selects Zeroing Artillery Barrage
Panzergrenadier Squad
Panzer Officer Quarters
Selects UNKNOWN (2160084)
Panther Heavy Tank
Howdenn
KızdırılmışTütünÇubuğu
Mansonfreakss
Mowgli01
Rowen
darkGweni
0
0

Comments sign in to comment!

No comments posted yet!